 Dungeon Crawl Stone Soup version 0.30-a0-250-g41c1d76940 (webtiles) character file.

Game seed: 15115577335493140731

17124 croobank the Tainter (level 12, -12/106 (110) HPs)
             Began as a Naga Venom Mage on Oct 12, 2022.
             Was a Priest of Kikubaaqudgha.
             Mangled by an orc knight
             ... wielding a +0 great mace
              (33 damage)
             ... on level 1 of the Orcish Mines.
             The game lasted 02:52:35 (12729 turns).

croobank the Tainter (Naga Venom Mage)             Turns: 12729, Time: 02:52:36

HP:   -12/106 (110) AC:  7    Str: 15 (17) XL:     12   Next: 44%
MP:   3/24          EV: 10    Int: 22 (25) God:    Kikubaaqudgha [***...]
Gold: 837           SH:  0    Dex: 10 (13) Spells: 8/27 levels left

rFire   . . .      SeeInvis +    w - +4 dire flail (protect)
rCold   . . .      Faith    .    (shield currently unavailable)
rNeg    . . .      Spirit   .    T - +0 troll leather armour
rPois   +          Reflect  .    o - +0 helmet
rElec   .          Harm     .    (no cloak)
rCorr   .          Rampage  .    (no gloves)
Will    +....                    (no barding)
Stlth   +++.......               J - amulet of magic regeneration
HPRegen 1.17/turn                l - +6 ring of intelligence
MPRegen 0.59/turn                v - +6 ring of strength

@: hasted, lightly drained, quick
A: AC +4, large, see invisible, deformed body, poison resistance, slowness 2,
spit poison 1, naga tail 1
a: Spit Poison, Renounce Religion, Unearth Wretches


You were on level 1 of the Orcish Mines.
You worshipped Kikubaaqudgha.
Kikubaaqudgha was most pleased with you.
You visited 3 branches of the dungeon, and saw 14 of its levels.
You also visited: Ossuary.

You collected 837 gold pieces.

Inventory:

Hand Weapons
 j - a +2 vampiric dagger
 r - the +5 short sword of Defiance {speed, rC++ rN+}
   (You found it on level 2 of the Dungeon)

   Attacks with this weapon are significantly faster.
   rC:        It greatly protects you from cold.
   rN:        It protects you from negative energy.
 w - a +4 dire flail of protection (weapon)
 y - a +0 vorpal long sword
 A - a +4 falchion
 C - the +2 trident of Bupeotoa {speed, Contam rElec rF+}
   (You found it on level 6 of the Dungeon)

   Attacks with this weapon are significantly faster.
   rF:        It protects you from fire.
   rElec:     It insulates you from electricity.
   Contam:    It causes magical contamination when unequipped.
 D - a +0 shortbow
 F - a +0 lajatang of freezing
 G - a +0 triple crossbow
 N - a +0 war axe
 R - a +0 arbalest
 Y - a +1 quarterstaff of speed
 Z - a +2 sling of freezing
Missiles
 c - 10 javelins
 n - 3 silver boomerangs
Armour
 a - a +4 ring mail of cold resistance
 h - a +2 robe of cold resistance
 o - a +0 helmet (worn)
 E - +0 steam dragon scales
 O - an orb of energy
 T - a +0 troll leather armour (worn)
Jewellery
 b - a ring of protection from cold
 l - a +6 ring of intelligence (left hand)
 v - a +6 ring of strength (right hand)
 I - a ring of protection from fire
 J - an amulet of magic regeneration (around neck)
 Q - a +4 ring of evasion
 W - a +4 ring of evasion
Wands
 d - a wand of digging (4)
 e - a wand of paralysis (12)
 f - a wand of flame (15)
 X - a wand of acid (9)
Scrolls
 s - a scroll of silence
 u - a scroll of teleportation
 x - a scroll of immolation
 B - a scroll of amnesia
 H - 2 scrolls of fog
 K - 2 scrolls of poison
 P - a scroll of magic mapping
 S - a scroll of brand weapon
Potions
 i - a potion of flight
 k - a potion of ambrosia
 m - 3 potions of curing
 p - 2 potions of haste
 q - 4 potions of lignification
 t - a potion of brilliance
 z - 3 potions of attraction
 L - 2 potions of resistance
 M - 3 potions of degeneration
 V - a potion of might


   Skills:
 - Level 8.0 Fighting
 + Level 8.8 Maces & Flails
 - Level 4.0 Dodging
 - Level 8.0 Stealth
 - Level 8.0 Spellcasting
 - Level 4.0 Conjurations
 + Level 8.4 Necromancy
 - Level 1.0 Transmutations
 - Level 4.0 Air Magic
 - Level 10.0 Poison Magic


You had 8 spell levels left.
You knew the following spells:

 Your Spells              Type           Power      Damage    Failure   Level
a - Sting                 Tmut/Pois      100%       1d8       1%          1
b - Poisonous Vapours     Pois/Air       78%        N/A       1%          2
c - Mephitic Cloud        Conj/Pois/Air  35%        N/A       2%          3
d - Olgreb's Toxic Radia  Pois           51%        N/A       1%          4
e - Sublimation of Blood  Necr           45%        N/A       1%          2
f - Vampiric Draining     Necr           45%        2d9       1%          3
g - Dispel Undead         Necr           45%        3d17      2%          4

Your spell library contained the following spells:

 Spells                   Type           Power      Damage    Failure   Level
 Necrotise                Necr           100%       1d9       1%          1
 Cigotuvi's Dreadful Rot  Necr/Pois/Air  82%        N/A       1%          2
 Agony                    Necr           45%        N/A       8%          5
 Slow                     Hex            32%        N/A       9%          1
 Anguish                  Hex/Necr       13%        N/A       16%         4
 Gell's Gravitas          Tloc           8%         N/A       26%         3
 Lesser Beckoning         Tloc           16%        N/A       26%         3
 Teleport Other           Tloc           8%         N/A       26%         3
 Borgnjor's Vile Clutch   Necr/Erth      13%        N/A       41%         5
 Death Channel            Necr           22%        N/A       41%         6
 Lightning Bolt           Conj/Air       13%        1d26      43%         5
 Simulacrum               Ice/Necr       13%        N/A       94%         6


Dungeon Overview and Level Annotations

Branches:
Dungeon (11/15)            Temple (1/1) D:7             Orc (2/2) D:9
    Elf (0/3) Orc:2       Ossuary (visited)
   Lair: D:8-11

Altars:
Ashenzari
Cheibriados
Dithmenos
Elyvilon
Fedhas
Gozag
Hepliaklqana
Kikubaaqudgha
Makhleb
Nemelex Xobeh
Okawaru
Qazlal
Ru
Sif Muna
Trog
Uskayaw
Vehumet
Wu Jian
Xom
Yredelemnul
Zin
The Shining One

Shops:
Orc:1 *

Annotations:
D:11 tengu warrior
Orc:2 Donald


Innate Abilities, Weirdness & Mutations

Your serpentine skin is tough. (AC +4)
You have supernaturally acute eyesight. (SInv)
Armour fits poorly on your strangely shaped body.
Your system is resistant to poisons. (rPois)
You cover ground very slowly.
You can spit poison.
You have a snake-like lower body.


Message History

The orcs go into a battle-frenzy!
You feel better. The warg bites you but does no damage. The warg misses you.
The warg attacks as you move away! The warg bites you!
* * * LOW HITPOINT WARNING * * *
The warg attacks as you move away! The warg barely misses you.
The orc knight looks more healthy.
You feel better. The warg closely misses you. The warg barely misses you.
You feel better.
Your surroundings suddenly seem different.
Found Zequluck's Assorted Antiques.
Okay, then.
Cast which spell? (? or * to list)
You don't know that spell.
Cast which spell? (? or * to list)
Aiming: Mephitic Cloud (mildly dangerous; 2% risk of failure)
Press: ? - help, Shift-Dir - straight line, f - orc knight
Aim: an orc knight, wielding a +0 great mace and wearing a +0 chain mail (moderately wounded, chance to affect: 58%)
The ball explodes into a vile cloud!
The stinking cloud engulfs the orc knight but does no damage.
The orc knight is moderately wounded.
The stinking cloud engulfs you but does no damage.
The orc knight shouts!
You hear a shout!
You hear a howl!
You hear two shouts!
The orc knight is engulfed in noxious fumes.
The orc knight roars a battlecry!
The orc knight goes into a battle-frenzy!
The orc knight roars a battlecry!
The orc knight goes into a battle-frenzy!
Casting: Mephitic Cloud (mildly dangerous; 2% risk of failure)
Confirm with . or Enter, or press ? or * to list all spells.
Aiming: Mephitic Cloud (mildly dangerous; 2% risk of failure)
Press: ? - help, Shift-Dir - straight line, p - orc knight The ball explodes into a vile cloud!
The stinking cloud engulfs the orc knight but does no damage.
The orc knight is moderately wounded.
The stinking cloud engulfs the orc knight but does no damage.
You hear a howl!
The orc knight is engulfed in noxious fumes.
The orc knight hits you with a +0 great mace!!
You die...
Kikubaaqudgha rasps: "You have failed me!
Welcome... death!" ##....#.# ##..## ###.§# #....### .§... ####...#.## #o.#≈§§ #...$$....## ..# ≈≈ #....#.....## #..# § #...# ###o...# ## #..# #.. #..h..## .## ## ∩...####### #........## hh#

. .....).○@§####....#.##
oo##.o.
.....).°o☼§####...###
T...####....####○☼o.##....#.
#...≈≈≈.#. #.≈≈≈#☼○<..[..[..
#...≈≈.§# #§.§≈#.......#...
##..≈§≈≈# #§§≈≈###..[###
##..≈≈≈≈# #≈§≈§#...#..#
#o......... #..oh.##...#
.).#....#.. ##..o..##....


You could see 2 orc knights.

Vanquished Creatures
  Erolcha (D:9)
  A boulder beetle (D:11)
  3 two-headed ogres
  An orc high priest (Orc:1)
  Pikel (D:4)
  An orc knight (Orc:1)
  An orc sorcerer (Orc:1)
  A cyclops (D:11)
  Joseph (D:7)
  An unseen horror (D:11)
  A yaktaur (D:11)
  6 trolls
  A hornet (D:10)
  A vampire (D:10)
  4 shadows
  A wraith (D:11)
  17 yaks
  7 wyverns
  A steam dragon (D:6)
  Edmund (D:4)
  A warg (Orc:1)
  2 water moccasins
  Pargi (D:4)
  6 orc warriors
  A black bear (D:5)
  A sky beast (D:8)
  3 ogres
  3 centaurs
  2 phantoms
  2 lemures (D:4)
  3 kobold brigands
  Blork the orc (D:4)
  A bullfrog (D:7)
  A necrophage (D:4)
  A gnoll sergeant (D:10)
  11 scorpions (D:5)
  14 killer bees
  10 howler monkeys
  8 orc priests
  A jelly (D:6)
  5 hounds
  2 iguanas (D:5)
  15 orc wizards
  8 mummies (Ossuary)
  4 gnolls (D:8)
  5 adders
  3 white imps
  An ufetubus (D:6)
  5 worms
  3 dart slugs
  38 orcs
  6 ball pythons
  An endoplasm (D:1)
  4 giant cockroaches
  3 gnoll zombies
  18 goblins
  14 hobgoblins
  4 jackals (D:2)
  15 kobolds
  4 quokkas
  9 bats
  6 frilled lizards
  2 hobgoblin zombies (Ossuary)
  3 kobold zombies
  2 orc zombies (Ossuary)
  10 rats
  A rat zombie (D:8)
  3 butterflies (D:5)
319 creatures vanquished.

Vanquished Creatures (others)
  An adder (D:8)
  A dart slug (D:8)
  A hobgoblin (D:8)
3 creatures vanquished.

Grand Total: 322 creatures vanquished

Notes
Turn   | Place    | Note
-------+----------+-------------------------------------------
     0 | D:1      | croobank the Naga Venom Mage began the quest for the Orb.
     0 | D:1      | Reached XP level 1. HP: 15/15 MP: 3/3
    42 | D:1      | Got Sif Muna's Compilation of Entrancing Blasts
   199 | D:1      | Reached XP level 2. HP: 7/22 MP: 0/5
   279 | D:1      | Learned a level 2 spell: Poisonous Vapours
   404 | D:1      | Reached skill level 5 in Poison Magic
   719 | D:1      | Reached XP level 3. HP: 21/28 MP: 0/6
   885 | D:1      | Learned a level 3 spell: Mephitic Cloud
  1442 | D:2      | You fall into a shaft and drop 1 floor!
  1558 | D:3      | Reached skill level 1 in Conjurations
  1629 | D:3      | Reached XP level 4. HP: 36/36 MP: 4/7
  1666 | D:3      | Found a glowing golden altar of the Shining One.
  1719 | D:3      | Reached skill level 1 in Air Magic
  1900 | D:3      | Noticed a phantom
  2050 | D:2      | Reached skill level 6 in Poison Magic
  2224 | D:2      | Upgraded the game from 0.30-a0-242-g7bf8e6d787 to
                  | 0.30-a0-250-g41c1d76940
  2243 | D:2      | Identified the +5 short sword of Defiance {speed, rC++ rN+}
  2512 | D:2      | Reached XP level 5. HP: 33/42 MP: 3/8
  3169 | D:3      | Killed a phantom
  3170 | D:3      | Reached XP level 6. HP: 39/49 MP: 6/9
  3646 | D:4      | Noticed Blork the orc
  3655 | D:4      | Killed Blork the orc
  3904 | D:4      | Noticed Edmund
  3924 | D:4      | Killed Edmund
  3925 | D:4      | Reached XP level 7. HP: 22/55 MP: 1/11
  4407 | D:4      | Noticed Pikel
  4422 | D:4      | Killed Pikel
  4423 | D:4      | Reached skill level 5 in Stealth
  4423 | D:4      | Reached XP level 8. HP: 62/67 MP: 1/14
  4684 | D:4      | Noticed Pargi
  4695 | D:4      | Killed Pargi
  4778 | D:5      | Entered Level 5 of the Dungeon
  5466 | D:5      | Learned a level 4 spell: Olgreb's Toxic Radiance
  5640 | D:5      | Noticed a two-headed ogre
  5658 | D:5      | Killed a two-headed ogre
  5659 | D:5      | Reached XP level 9. HP: 51/82 MP: 4/15
  5800 | D:5      | Found a runed translucent door.
  5802 | D:5      | Found a runed translucent door.
  5942 | D:6      | Identified the +2 trident of Bupeotoa {speed, Contam rElec
                  | rF+}
  6211 | D:6      | Reached skill level 1 in Maces & Flails
  6404 | D:6      | Found an ornate altar of the Wu Jian Council.
  6831 | D:7      | Found a staircase to the Ecumenical Temple.
  6844 | Temple   | Entered the Ecumenical Temple
  7292 | D:7      | Found an ancient bone altar of Kikubaaqudgha.
  7293 | D:7      | Found a radiant altar of Vehumet.
  7729 | D:7      | Became a worshipper of Kikubaaqudgha
  7769 | D:7      | Reached skill level 7 in Poison Magic
  8004 | D:7      | Reached skill level 1 in Necromancy
  8278 | D:7      | Noticed Joseph
  8461 | D:8      | Found a sand-covered staircase.
  8503 | Ossuary  | Entered an ossuary
  8531 | Ossuary  | Reached XP level 10. HP: 92/92 MP: 17/17
  8787 | D:8      | Reached * piety under Kikubaaqudgha
  8787 | D:8      | Received a gift from Kikubaaqudgha
  8794 | D:8      | Reached skill level 5 in Spellcasting
  9001 | D:8      | Learned a level 2 spell: Sublimation of Blood
  9005 | D:8      | Learned a level 3 spell: Vampiric Draining
  9350 | D:8      | Identified the +1 pair of boots "Pinipn" {Fly rElec rPois
                  | Int+5}
  9495 | D:9      | Noticed Erolcha
  9505 | D:9      | Reached skill level 8 in Poison Magic
  9505 | D:9      | Found a shimmering blue altar of Sif Muna.
  9522 | D:9      | HP: 4/94 [Erolcha/+0 giant club (27)]
  9535 | D:10     | Entered Level 10 of the Dungeon
  9774 | D:10     | Noticed a two-headed ogre
  9793 | D:10     | Killed a two-headed ogre
  9870 | D:10     | Reached skill level 9 in Poison Magic
  9984 | D:10     | Reached XP level 11. HP: 82/103 MP: 14/20
  9995 | D:10     | Reached skill level 5 in Maces & Flails
 10863 | D:10     | Learned a level 4 spell: Dispel Undead
 11089 | D:9      | Reached ** piety under Kikubaaqudgha
 11096 | D:9      | Reached skill level 5 in Necromancy
 11126 | D:9      | Found a staircase to the Orcish Mines.
 11274 | D:9      | Killed Erolcha
 11275 | D:9      | Reached skill level 10 in Poison Magic
 11395 | D:9      | Found an iron altar of Okawaru.
 11636 | D:7      | Killed Joseph
 11756 | D:11     | Noticed a cyclops
 11773 | D:11     | Killed a cyclops
 11782 | D:11     | Noticed a two-headed ogre
 11806 | D:11     | Killed a two-headed ogre
 11841 | D:11     | Noticed a purple ugly thing
 11886 | D:11     | Noticed a +0 hand axe
 11886 | D:11     | Noticed a +0 hand axe
 11886 | D:11     | Found a hide-covered altar of Uskayaw.
 11893 | D:11     | Noticed a boulder beetle
 11910 | D:11     | Killed a boulder beetle
 12093 | D:11     | Reached XP level 12. HP: 110/110 MP: 23/23
 12343 | D:11     | Noticed a tengu warrior
 12563 | Orc:1    | Entered Level 1 of the Orcish Mines
 12566 | Orc:1    | Noticed an orc high priest
 12572 | Orc:1    | Noticed a sun demon
 12572 | Orc:1    | Reached *** piety under Kikubaaqudgha
 12572 | Orc:1    | Received a gift from Kikubaaqudgha
 12579 | Orc:1    | Killed an orc high priest
 12602 | Orc:1    | You fall into a shaft and drop 1 floor!
 12602 | Orc:2    | Entered Level 2 of the Orcish Mines
 12678 | Orc:2    | Noticed Donald
 12691 | Orc:2    | Noticed an orc high priest
 12705 | Orc:1    | Noticed an ettin
 12709 | Orc:1    | Noticed a two-headed ogre
 12709 | Orc:1    | Noticed an orc high priest
 12724 | Orc:1    | HP: 1/106 [warg[an orc high priest] (14)]
 12726 | Orc:1    | Found Zequluck's Assorted Antiques.
 12729 | Orc:1    | Mangled by an orc knight

Illustrated notes

Levels and vault maps discovered:
D:1:      minmay_arrival_plants_in_alcoves, layout_basic
D:2:      layout_basic, minmay_split_cup_large
D:3:      layout_basic, mainiacjoe_overflow_tiny_flanked
D:4:      layout_loops_ring, kennysheep_generic_room_14, uniq_blork_the_orc,
          uniq_edmund, uniq_pargi, uniq_pikel
D:5:      lemuel_insect_pit, layout_basic
D:6:      layout_loops_ring, nicolae_wu_jian_wuxing_cycle
D:7:      layout_cave_pods, mainiacjoe_overflow_catwalk_spiral,
          temple_fountains, uniq_joseph
D:8:      layout_rooms, enter_bailey_3, enter_ossuary_3
D:9:      layout_small_grid, okawaru_gym_becter, nicolae_sif_muna_condensation,
          erik_orc_3, uniq_erolcha
D:10:     minmay_thinvault, layout_rooms
D:11:     minmay_the_grid_octo_2x2 [minmay_the_grid_octo_empty,
          minmay_the_grid_octo_chip, minmay_the_grid_octo_empty,
          minmay_the_grid_octo_prize_single_spiral], layout_irregular_city,
          dancing_weapons_uskayaw
Temple:   minmay_temple_bridge_d
Orc:1:    layout_diamond_mine, guppyfry_orc_lava_fort
Orc:2:    grunt_orc_tribal_feast, layout_caves, nicolae_orc_pool_cavern,
          uniq_donald

Skill      XL: |  1  2  3  4  5  6  7  8  9 10 11 12 |
---------------+-------------------------------------+-----
Poison Magic   | 5 6 7 9 10 | 10.0
Conjurations   | 1 2 4 |  4.0
Air Magic      | 1 2 4 |  4.0
Spellcasting   | 4 6 7 8 |  8.0
Fighting       | 2 6 8 |  8.0
Dodging        | 2 4 |  4.0
Stealth        | 5 8 |  8.0
Maces & Flails | 2 4 7 8 |  8.8
Necromancy     | 1 4 6 8 |  8.4
Transmutations | |  1.0

Action                   |  1- 3 |  4- 6 |  7- 9 | 10-12 || total
-------------------------+-------+-------+-------+-------++-------
Melee: Dagger            |     9 |       |       |       ||     9
       Unarmed           |     2 |       |       |       ||     2
       Hand axe          |    22 |    27 |       |       ||    49
       Short sword       |       |    47 |     3 |       ||    50
       Punch             |       |     1 |       |       ||     1
       Dire flail        |       |       |   116 |   213 ||   329
 Cast: Sting             |    51 |    40 |     7 |     2 ||   100
       Poisonous Vapours |     8 |    12 |    42 |   125 ||   187
       Mephitic Cloud    |       |     2 |    21 |    62 ||    85
       Olgreb's Toxic Ra |       |       |     1 |    21 ||    22
       Dispel Undead     |       |       |       |     5 ||     5
       Vampiric Draining |       |       |       |     7 ||     7
Invok: Unearth Wretches  |       |       |       |     3 ||     3
 Abil: Spit Poison       |       |    18 |    19 |     3 ||    40
Evoke: Wand              |       |     9 |    19 |     4 ||    32
  Use: Scroll            |     1 |     9 |     8 |    11 ||    29
       Potion            |       |       |     4 |    11 ||    15
 Stab: Sleeping          |       |     2 |     1 |       ||     3
       Confused          |       |       |     3 |     7 ||    10
       Paralysed         |       |       |       |     3 ||     3
Armor: Robe              |    15 |    11 |    74 |       ||   100
       Skin              |       |    11 |       |       ||    11
       Ring mail         |       |       |    25 |    78 ||   103
       Troll leather arm |       |       |       |    51 ||    51
Dodge: Dodged            |    33 |    38 |    98 |   149 ||   318

Table legend: (Time is in decaauts)
 A = Elapsed time spent in this place.
 B = Non-inter-level travel time spent in this place.
 C = Inter-level travel time spent in this place.
 D = Time resting spent in this place.
 E = Time spent auto-exploring this place.
 F = Levels seen in this place.
 G = Mean time per level.
                   A        B        C        D        E       F      G
               +--------+--------+--------+--------+--------+-----+--------+
         Total |  15696 |  14564 |   1132 |   2431 |   8709 |  15 | 1046.4 |
       Dungeon |  14710 |  13780 |    930 |   2365 |   8337 |  11 | 1337.3 |
        Temple |    512 |    311 |    201 |      0 |    298 |   1 |  512.0 |
  Orcish Mines |    161 |    161 |      0 |     66 |      0 |   2 |   80.5 |
       Ossuary |    311 |    311 |      0 |      0 |     73 |   1 |  311.0 |
               +--------+--------+--------+--------+--------+-----+--------+

Top non-repeatable levels by time:
     D:7: 1851 daAuts
    D:10: 1827 daAuts
     D:3: 1741 daAuts
     D:1: 1510 daAuts
     D:4: 1432 daAuts
     D:5: 1377 daAuts
     D:2: 1171 daAuts
     D:9: 1079 daAuts
     D:6: 1031 daAuts
     D:8: 995 daAuts
    D:11: 692 daAuts
  Temple: 512 daAuts
 Ossuary: 311 daAuts
   Orc:2: 100 daAuts
   Orc:1: 61 daAuts
